AoeStats
← gx5v163237

Arabia

509390021Analyzed
1v1 RM · 6d ago on Sep 26, 2026· 48m 1s· 2 players
Game mode
Random Map
Map size
Tiny (2 player)
Population
200
Speed
Normal
Resources
Standard
Victory
Conquest
Starting age
Dark Age
Ending age
Imperial Age
RankedLock teamsTeams togetherTeam positionsShared explorationLock speedFull tech treeHidden civsTurbo modeCheats
Victory
Defeat
🇮🇳 Japanese · India
1274
+16
🇹🇼 Japanese · Taiwan
1275
-16
overlord1647
6:59 Loom
9:35 Feudal Age
9:41 Man-at-Arms
11:02 Double-Bit Axe
16:25 Fletching
22:26 Wheelbarrow
25:02 Castle Age
23:19 Padded Archer Armor
23:55 Scale Mail Armor
24:43 Horse Collar
26:19 Bow Saw
25:33 Long Swordsman
25:58 Gambesons
26:15 Squires
26:02 Arson
27:03 Chain Mail Armor
28:44 Forging
28:24 Elite Skirmisher
31:09 Bodkin Arrow
32:31 Leather Archer Armor
35:54 Gold Mining
35:55 Stone Mining
36:25 Hand Cart
38:17 Gold Shaft Mining
39:14 Ballistics
42:42 Imperial Age
42:39 Iron Casting
44:06 Plate Mail Armor
44:37 Blast Furnace
44:06 Two-Handed Swordsman
46:44 Bracer
48:22 Ring Archer Armor
gx5v163237
6:26 Loom
9:22 Feudal Age
9:49 Double-Bit Axe
9:54 Man-at-Arms
16:26 Fletching
23:54 Padded Archer Armor
27:31 Castle Age
25:59 Gold Mining
26:05 Horse Collar
27:38 Crossbowman
28:38 Bodkin Arrow
31:15 Ballistics
32:17 Wheelbarrow
32:14 Leather Archer Armor
42:04 Thumb Ring
Connection lost

Rejoining the realm…

Still unreachable

The connection could not be restored.

Session expired

The server has moved on; the page needs a fresh start.